 Dungeon Crawl Stone Soup version 0.31-a0-1008-g5b978dac0e (webtiles) character file.

Game seed: 12782975263200930910

12 1111 the Chopper (level 2, 27/27 HPs)
             Began as a Minotaur Berserker on Nov 12, 2023.
             Was a Follower of Trog.
             Quit the game on level 3 of the Dungeon.
             The game lasted 00:07:23 (473 turns).

1111 the Chopper (Minotaur Berserker)                Turns: 473, Time: 00:07:24

Health: 27/27      AC:  6    Str: 21    XL:     2   Next: 20%
Magic:  1/1        EV: 10    Int:  4    God:    Trog [*.....]
Gold:   19         SH:  0    Dex:  9    Spells: 1/1 levels left

rFire   . . .        a - +0 hand axe
rCold   . . .        (no shield)
rNeg    . . .        d - +0 scale mail
rPois   .            (helmet restricted)
rElec   .            (no cloak)
rCorr   .            (no gloves)
SInv    .            (no boots)
Will    .....        (no amulet) Stlth
                     (no ring)
HPRegen 0.24/turn    (no ring)
MPRegen 0.07/turn

%: no passive effects
@: no status effects
A: horns 2, retaliatory headbutt
a: Renounce Religion, Berserk


You were on level 3 of the Dungeon.
You worshipped Trog.
Trog was aware of your devotion.
You visited 1 branch of the dungeon, and saw 3 of its levels.

You collected 19 gold pieces.

Inventory:

Hand Weapons
 a - a +0 hand axe (weapon)
 c - a +0 club
Armour
 d - a +0 scale mail (worn)
 h - a +0 ring mail
Scrolls
 b - a scroll of noise {unknown}
 f - a scroll of enchant weapon {unknown}
Potions
 g - a potion of heal wounds {unknown}


   Skills:
 + Level 4.0 Fighting
 + Level 4.0 Axes
 + Level 2.5 Armour
 + Level 2.3 Dodging


You had one spell level left.
You didn't know any spells.
Your spell library was empty.

Dungeon Overview and Level Annotations

Branches:
Dungeon (3/15)

Altars:


Innate Abilities, Weirdness & Mutations

You have a pair of horns on your head.
You reflexively headbutt those who attack you in melee.


Message History

b - a scroll labelled QUATONAUBE You see here a jackal skeleton.
A rat comes into view.
Found a mace.
You closely miss the rat. The rat closely misses you. You furiously retaliate!
You headbutt the rat. The rat bites you but does no damage.
You hit the rat but do no damage.
The rat is severely wounded.
The rat bites you but does no damage.
You slash the rat!
You kill the rat!
Trog accepts your kill.
You open the door.
There is an open door here.
Found a stone staircase leading down.
There is a stone staircase leading down here.
You climb downwards.
There is a stone staircase leading up here.
A ball python comes into view.
Found 16 gold pieces.
Found a stone staircase leading down.
The ball python completely misses you. The ball python grabs you.
The ball python constricts you.
The ball python attacks as it pursues you!
The ball python bites you but does no damage.
You hit the ball python.
You kill the ball python!
Trog accepts your kill.
You hit the ball python.
You kill the ball python!
Trog accepts your kill.
Your Fighting skill increases to level 4!
There is a stone staircase leading down here.
You climb downwards.
Found a scroll labelled REDUVO QUER OWUGU.
There is a stone staircase leading up here.
Unknown command.
Unknown command.
Unknown command.
Are you sure you want to abandon this character and quit the game? (Confirm with "yes".)

##### #..@#
.........#
#..........
.............
.....###.......
....##⌠##.....#
...##...##.....
..##..?..##....


There were no monsters in sight!

Vanquished Creatures
  A giant cockroach (D:1)
  4 jackals (D:1)
  3 ball pythons
  2 bats (D:1)
  A frilled lizard (D:1)
  A rat (D:1)
12 creatures vanquished.

Notes
Turn   | Place    | Note
-------+----------+-------------------------------------------
     0 | D:1      | 1111 the Minotaur Berserker began the quest for the Orb.
     0 | D:1      | Reached XP level 1. HP: 19/19 MP: 0/0
   299 | D:1      | Reached XP level 2. HP: 27/27 MP: 1/1
   473 | D:3      | Quit the game

Illustrated notes

Levels and vault maps discovered:
D:1:      shiori_arrival_elements, layout_basic, minmay_split_cup_small
D:2:      kennysheep_the_goblin_king, layout_basic,
          ebering_ecumenical_altar_ruins, basic_altar, uniq_jessica
D:3:      layout_loops_ring, overflow_temple_1_default,
          hellmonk_ghost_happy_afterlife, uniq_ijyb

Skill      XL: |  1  2 |
---------------+-------+-----
Axes           | 4 |  4.0
Fighting       | 4 |  4.0
Armour         | |  2.5
Dodging        | |  2.3

Action                     || total
---------------------------++-------
  Melee: Hand axe          ||    26
         Headbutt          ||     2
    Use: Potion            ||     1
 Armour: Animal skin       ||    11
         Scale mail        ||    12
  Dodge: Dodged            ||    18

Table legend: (Time is in decaauts)
 A = Elapsed time spent in this place.
 B = Non-inter-level travel time spent in this place.
 C = Inter-level travel time spent in this place.
 D = Time resting spent in this place.
 E = Time spent auto-exploring this place.
 F = Levels seen in this place.
 G = Mean time per level.
                   A        B        C        D        E       F      G
               +--------+--------+--------+--------+--------+-----+--------+
         Total |    475 |    344 |    131 |      0 |      0 |   3 |  158.3 |
       Dungeon |    475 |    344 |    131 |      0 |      0 |   3 |  158.3 |
               +--------+--------+--------+--------+--------+-----+--------+

Top non-repeatable levels by time:
     D:1: 463 daAuts
     D:2: 10 daAuts
     D:3: 0 daAuts
